 Dungeon Crawl Stone Soup version 0.31.0-11-ge490571c62 (webtiles) character file.

Game seed: 11078564255025008814

84 qw the Shooter (level 4, -2/25 HPs)
             Began as a Deep Elf Hunter on Feb 4, 2024.
             Killed by nerve-wracking pain
             ... invoked by Grinder
              (6 damage)
             ... on level 3 of the Dungeon.
             The game lasted 00:00:06 (2329 turns).

qw the Shooter (Deep Elf Hunter)                    Turns: 2329, Time: 00:00:07

Health: -2/25      AC:  6    Str: 10    XL:     4   Next: 24%
Magic:  6/6        EV: 11    Int: 14    God:
Gold:   124        SH:  0    Dex: 18    Spells: 3/3 levels left

rFire   . . .        a - +0 shortbow
rCold   . . .        (shield currently unavailable)
rNeg    . . .        e - +1 ring mail
rPois   .            (no helmet)
rElec   .            (no cloak)
rCorr   .            (no gloves)
SInv    .            (no boots)
Will    .....        (no amulet)
Stlth   +            (no ring)
HPRegen 0.24/turn    (no ring)
MPRegen 0.10/turn

%: no passive effects
@: no status effects
A: no striking features
a: no special abilities


You were on level 3 of the Dungeon.
You visited 1 branch of the dungeon, and saw 3 of its levels.

You collected 124 gold pieces.


   Skills:
 - Level 1.5 Fighting
 + Level 7.7 Ranged Weapons
 - Level 2.4 Dodging
 - Level 1.2 Stealth


You had 3 spell levels left.
You didn't know any spells.
Your spell library was empty.

Inventory:

Hand Weapons
 a - a +0 shortbow (weapon)
Armour
 e - a +1 ring mail (worn)
Potions
 b - a potion of berserk rage {unknown}
 c - 2 potions of mutation {unknown}
 f - a potion of haste {unknown}

Dungeon Overview and Level Annotations

Branches:
Dungeon (3/15)

Altars:

Shops:
D:3 (

Annotations:
D:3 Grinder


Message History

Grinder is heavily wounded.
Grinder gestures at you. You resist with significant effort.
You shoot an arrow. The arrow barely misses Grinder.
You shoot an arrow. The arrow hits Grinder.
Grinder is heavily wounded.
Grinder blinks!
You shoot an arrow. The arrow closely misses Grinder.
Grinder gestures at you.
You suddenly lose the ability to move!
You can move again.
You shoot an arrow. The arrow hits Grinder.
Grinder is severely wounded.
Grinder gestures at you.
You shrug off the repeated paralysis!
You shoot an arrow. The arrow hits Grinder.
Grinder is severely wounded.
You shoot an arrow.
The arrow hits Grinder but does no damage.
Grinder is severely wounded.
Grinder hits you!
You shoot an arrow. The arrow barely misses Grinder.
Grinder barely misses you.
You shoot an arrow. The arrow hits Grinder.
Grinder is severely wounded.
Grinder gestures at you. You resist with significant effort.
Grinder gestures at you.
You suddenly lose the ability to move!
Grinder completely misses you. Grinder gestures at you.
Pain shoots through your body!
You can move again.
You shoot an arrow.
The arrow hits Grinder but does no damage.
Grinder is severely wounded.
Grinder gestures at you. Pain shoots through your body!
You die...
Grinder sighs, "Dead already?
I want a refund."

#.# #.# ### #.# #.# #.#
..# #.# #.# #.# #.# #.#
.#.####.###.######.
.......@...........
...####5#.######### ...
#.#.# ....#.#.######
...#........#
..#.#.#.##.# .# ..#
#.#.#.#.##.#
.#...###.#.#.#.##.#######
.#......................#


You could see Grinder.

Vanquished Creatures
  2 adders
  2 ribbon worms (D:2)
  5 ball pythons
  7 bats
  5 endoplasms
  4 giant cockroaches
  5 goblins
  4 hobgoblins
  6 kobolds
  6 quokkas
  5 frilled lizards
  3 rats
54 creatures vanquished.

Notes
Turn   | Place    | Note
-------+----------+-------------------------------------------
     0 | D:1      | qw the Deep Elf Hunter began the quest for the Orb.
     0 | D:1      | Reached XP level 1. HP: 12/12 MP: 3/3
     0 | D:1      | 0 ||| qw: Version: 0.3-a-160-g6735b56
     0 | D:1      | 0 ||| qw: Game counter: 5373
     0 | D:1      | 0 ||| qw: Melee chars always use a shield: true
     0 | D:1      | 0 ||| qw: God list: Okawaru
     0 | D:1      | 0 ||| qw: Allow faded altars: false
     0 | D:1      | 0 ||| qw: Do Orc after clearing Dungeon:15 true
     0 | D:1      | 0 ||| qw: Do second Lair branch before Depths: true
     0 | D:1      | 0 ||| qw: Lair rune preference: random
     0 | D:1      | 0 ||| qw: Goals: Normal
     0 | D:1      | 0 ||| PLANNING D:1-11
   203 | D:1      | Reached skill level 6 in Ranged Weapons
   203 | D:1      | Reached XP level 2. HP: 12/16 MP: 4/4
   642 | D:1      | Reached XP level 3. HP: 20/20 MP: 5/5
  1052 | D:1      | 1052 ||| UPGRADING to +0 ring mail.
  1062 | D:1      | 1062 ||| DROPPING +0 leather armour.
  1063 | D:1      | 1063 ||| DROPPING ring of magical power.
  1064 | D:1      | 1064 ||| READING 2 scrolls labelled ETUCHE DUKYUTT.
  1064 | D:1      | 1064 ||| IDENTIFYING ruby potion
  1065 | D:1      | 1065 ||| READING scroll of identify.
  1065 | D:1      | 1065 ||| IDENTIFYING pink potion
  1066 | D:1      | 1066 ||| READING scroll labelled IDOCOEBL QUNKE.
  1067 | D:1      | 1067 ||| READING scroll labelled DEECEMM HAATHRAHYT.
  1068 | D:1      | 1068 ||| READING scroll labelled CUDGHE TIHENIXT.
  1073 | D:1      | 1073 ||| READING scroll labelled DECVUA RETOI.
  1174 | D:1      | 1174 ||| READING scroll labelled LILUCLIXYT.
  1174 | D:1      | 1174 ||| ENCHANTING +0 ring mail.
  1175 | D:1      | 1175 ||| READING scroll labelled LURHEZ ICVAL.
  1176 | D:1      | 1176 ||| READING scroll labelled GOUZEH LAEKU.
  1177 | D:1      | 1177 ||| DROPPING scroll of butterflies.
  1178 | D:1      | 1178 ||| DROPPING potion of brilliance.
  1283 | D:2      | Reached skill level 7 in Ranged Weapons
  1349 | D:2      | Found a faded altar of an unknown god.
  1801 | D:2      | Reached XP level 4. HP: 11/25 MP: 6/6
  2113 | D:2      | 2113 ||| DROPPING amulet of magic regeneration.
  2137 | D:3      | Found Nucsuqan's Antique Weapon Shop.
  2140 | D:3      | 2140 ||| SHOPLISTING longbow (188 gold, have 104).
  2300 | D:3      | Noticed Grinder
  2308 | D:3      | HP: 3/25 [Grinder (5)]
  2309 | D:3      | 2309 ||| DRINKING potion of heal wounds.
  2319 | D:3      | Paralysed by Grinder for 3 turns
  2326 | D:3      | Paralysed by Grinder for 3 turns
  2328 | D:3      | HP: 4/25 [Grinder/nerve-wracking pain (6)]
  2329 | D:3      | Killed from afar by Grinder

Levels and vault maps discovered:
D:1:      erik_arrival_cave_to_civilisation [erik_arrival_cave_to_hall],
          layout_basic, serial_forest, infiniplex_forest_lined_room_2,
          infiniplex_forest_lined_corner, infiniplex_forest_join,
          infiniplex_forest_straight_3, infiniplex_forest_clump_tiny,
          minmay_misc_feat_tiny, st_stairs_1, minmay_split_cup_large
D:2:      layout_loops_corners, hellmonk_ecumenical_altar_heavens_door,
          chequers_serial_rivers_room_b
D:3:      layout_basic, serial_shops, shop, nicolae_shop_stone, uniq_grinder

Skill      XL: |  1  2  3 |
---------------+----------+-----
Ranged Weapons | 6 7 |  7.7
Fighting       | |  1.5
Dodging        | |  2.4
Stealth        | |  1.2

Action                     |  1- 3 |  4- 6 || total
---------------------------+-------+-------++-------
   Fire: Shortbow          |   124 |    45 ||   169
    Use: Scroll            |     9 |       ||     9
         Potion            |       |     1 ||     1
 Armour: Leather armour    |    10 |       ||    10
         Ring mail         |    24 |    12 ||    36
  Dodge: Dodged            |    29 |    10 ||    39

Table legend:
 A = Non-vault XP
 B = Vault XP
 C = Vault XP percentage of total XP
 D = Non-vault monster count
 E = Vault monster count
 F = Vault count percentage of total count
                 A         B        C        D         E       F
            +---------+---------+-------+---------+---------+-------
      Total |     105 |      16 |  13.2 |      45 |       9 |  16.7
            +---------+---------+-------+---------+---------+-------
        D:1 |      37 |      16 |  30.2 |      23 |       9 |  28.1
        D:2 |      49 |       0 |   0.0 |      18 |       0 |   0.0
        D:3 |      19 |       0 |   0.0 |       4 |       0 |   0.0
            +---------+---------+-------+---------+---------+-------
